 Dungeon Crawl Stone Soup version 0.29.0-4-gdea44cf6ec (webtiles) character file.

Game seed: 17536133067270701968

126 qw the Chopper (level 5, 0/42 HPs)
             Began as a Barachi Chaos Knight on Sept 4, 2022.
             Slain by a sixfirhy (7 damage)
             ... summoned by Xom
             ... on level 2 of the Dungeon.
             The game lasted 00:01:12 (3077 turns).

qw the Chopper (Barachi Chaos Knight)               Turns: 3077, Time: 00:01:13

Health: 0/42       AC:  6    Str: 16    XL:     5   Next: 9%
Magic:  5/5        EV: 14    Int: 12    God:
Gold:   84         SH:  0    Dex: 11    Spells: 4/4 levels left

rFire   . . .      SeeInvis .   Y - +0 hand axe (chaos)
rCold   . . .      Faith    .   (no shield)
rNeg    . . .      Spirit   .   k - +1 ring mail {rPois}
rPois   +          Reflect  .   (no helmet)
rElec   .          Harm     .   (no cloak)
rCorr   +          Rampage  .   (no gloves)
Will    .....                   (no boots)
Stlth   +.........              (no amulet)
HPRegen 0.14/turn               g - ring of resist corrosion
MPRegen 0.09/turn               f - +4 ring of evasion

@: slow
A: amphibious, slowness 1, strong legs 1, +LOS
a: Hop


You were on level 2 of the Dungeon.
You visited 1 branch of the dungeon, and saw 3 of its levels.

You collected 84 gold pieces.


Innate Abilities, Weirdness & Mutations

You are amphibious.
You cover ground slowly.
You can hop short distances.
You have an extended range of vision and can be seen from far away.


   Skills:
 + Level 3.7 Fighting
 - Level 6.1 Axes
 - Level 2.4 Armour
 - Level 1.1 Dodging


You had 4 spell levels left.
You didn't know any spells.
Your spell library was empty.

Inventory:

Hand Weapons
 e - a +3 whip
 Y - a +0 hand axe of chaos (weapon)
Missiles
 h - 5 boomerangs (quivered)
Armour
 k - a +1 ring mail of poison resistance (worn)
Jewellery
 f - a +4 ring of evasion (right hand)
 g - a ring of resist corrosion (left hand)
Potions
 a - a potion of might {unknown}
 d - a potion of mutation {unknown}
 i - a potion of brilliance {unknown}
 j - 3 potions of curing
 l - a potion of haste {unknown}
Miscellaneous
 c - a piece from Xom's chessboard (15/15)

Dungeon Overview and Level Annotations

Branches:
Dungeon (3/15)

Altars:
Wu Jian


Message History

The crimson imp is moderately wounded.
You miss the sixfirhy.
You hit the shadow imp but do no damage.
You hit the shadow imp. The sixfirhy misses you.
The sixfirhy completely misses you.
The sixfirhy misses you. x2; The crimson imp blinks!
The shadow imp gestures at you. Pain shoots through your body!
The shadow imp completely misses you.
You hit the white imp but do no damage.
The white imp is heavily wounded.
You hit the shadow imp but do no damage.
You closely miss the shadow imp. You completely miss the sixfirhy.
The sixfirhy barely misses you. The sixfirhy hits you. The sixfirhy shocks you!
The crimson imp disappears for a moment.
The white imp barely misses you.
The shadow imp hits you but does no damage.
The shadow imp barely misses you.
You closely miss the white imp.
The white imp is heavily wounded.
You miss the sixfirhy. You hit the shadow imp.
The shadow imp's magic leaks into the air.
You hit the shadow imp.
The shadow imp's magic leaks into the air.
The white imp gestures at you. The puff of frost hits you!
The shadow imp barely misses you.
The shadow imp falters for a moment.
You barely miss the shadow imp.
The shadow imp is severely wounded.
You hit the sixfirhy. You freeze the sixfirhy. You hit the white imp.
You closely miss the shadow imp.
The crimson imp grins evilly.
The white imp barely misses you. The shadow imp hits you.
The shadow imp falters for a moment.
You completely miss the white imp.
The white imp is severely wounded.
You hit the shadow imp but do no damage.
You closely miss the shadow imp. You hit the sixfirhy but do no damage.
The sixfirhy hits you!
You die... "It's all fun and games until someone loses an eye."

# # # ############### #
####........>....# #
.....#.#########.# ######
.####...## #.# #..... .# #.....#
#5# #.#### .# ##...## ####@####
#.#### ## ##.## #..5535.# #....#
#.# #.##.##.# ####.# #.#
#.##.##.# #.# ##'## #.#.5.#.# #.#
#####...#####.#...#.# #.#
.........##.........# ##.#
..........#.........# ##..#
....................#########...#


You could see a sixfirhy (summoned), a crimson imp (summoned), a white imp
(summoned) and 3 shadow imps.

Vanquished Creatures
  A jelly (D:3)
  An adder (D:2)
  2 worms (D:2)
  2 dart slugs
  An orc (D:3)
  8 ball pythons
  12 endoplasms
  3 giant cockroaches
  8 goblins
  7 hobgoblins
  3 quokkas
  2 bats
  2 frilled lizards (D:1)
  12 kobolds
  5 rats
  A spectral kobold (D:1)
70 creatures vanquished.

Vanquished Creatures (others)
  14 toadstools (D:3)
14 creatures vanquished.

Grand Total: 84 creatures vanquished

Notes
Turn   | Place    | Note
-------+----------+-------------------------------------------
     0 | D:1      | qw the Barachi Chaos Knight began the quest for the Orb.
     0 | D:1      | Reached XP level 1. HP: 18/18 MP: 1/1
     0 | D:1      | 0 ||| qw: Version: 0.1-a-103-gd6f5d3a
     0 | D:1      | 0 ||| qw: Game counter: 5647
     0 | D:1      | 0 ||| qw: Always use a shield: true
     0 | D:1      | 0 ||| qw: God list: Okawaru
     0 | D:1      | 0 ||| qw: Allow faded altars: false
     0 | D:1      | 0 ||| qw: Do Orc after D:15 true
     0 | D:1      | 0 ||| qw: Do second Lair branch before Depths: true
     0 | D:1      | 0 ||| qw: Lair rune preference: random
     0 | D:1      | 0 ||| qw: Plans: Normal
     0 | D:1      | 0 ||| PLANNING D:1-11
     0 | D:1      | Fell from the grace of Xom
    48 | D:1      | Found a faded altar of an unknown god.
   188 | D:1      | Reached XP level 2. HP: 24/24 MP: 2/2
   217 | D:1      | Reached skill level 4 in Axes
   233 | D:1      | 233 ||| Stepping ~*~*~tactically~*~*~ (stealth).
   236 | D:1      | 236 ||| Stepping ~*~*~tactically~*~*~ (stealth).
   238 | D:1      | 238 ||| Stepping ~*~*~tactically~*~*~ (stealth).
   239 | D:1      | 239 ||| Stepping ~*~*~tactically~*~*~ (stealth).
   243 | D:1      | 243 ||| Stepping ~*~*~tactically~*~*~ (stealth).
   275 | D:1      | 275 ||| Stepping ~*~*~tactically~*~*~ (stealth).
   276 | D:1      | 276 ||| Stepping ~*~*~tactically~*~*~ (stealth).
   294 | D:1      | 294 ||| Stepping ~*~*~tactically~*~*~ (stealth).
   300 | D:1      | 300 ||| Stepping ~*~*~tactically~*~*~ (stealth).
   574 | D:1      | Reached XP level 3. HP: 22/29 MP: 3/3
   875 | D:1      | 875 ||| UPGRADING to +0 ring mail.
   885 | D:1      | 885 ||| DROPPING +2 leather armour.
   886 | D:1      | 886 ||| UPGRADING to +1 ring mail of poison resistance.
   896 | D:1      | 896 ||| DROPPING +0 ring mail.
   897 | D:1      | 897 ||| UPGRADING to ring of resist corrosion.
   898 | D:1      | 898 ||| READING scroll labelled OSHIKL VURUPN.
   954 | D:2      | 954 ||| STAIRDANCE
  1268 | D:2      | 1268 ||| Stepping ~*~*~tactically~*~*~ (stealth).
  1278 | D:2      | 1278 ||| Stepping ~*~*~tactically~*~*~ (stealth).
  1283 | D:2      | 1283 ||| FLEEEEING.
  1284 | D:2      | 1284 ||| FLEEEEING.
  1285 | D:2      | 1285 ||| FLEEEEING.
  1286 | D:2      | 1286 ||| FLEEEEING.
  1287 | D:2      | 1287 ||| FLEEEEING.
  1288 | D:2      | 1288 ||| FLEEEEING.
  1289 | D:2      | 1289 ||| FLEEEEING.
  1290 | D:2      | 1290 ||| FLEEEEING.
  1316 | D:2      | 1316 ||| Stepping ~*~*~tactically~*~*~ (stealth).
  1530 | D:2      | Reached skill level 5 in Axes
  1734 | D:2      | Reached XP level 4. HP: 29/36 MP: 4/4
  2051 | D:2      | XOM: give mutations
  2051 | D:2      | Gained mutation: You have an increased reservoir of magic.
                  | (+10% MP) [Xom's mischief]
  2051 | D:2      | Lost mutation: You have an increased reservoir of magic.
                  | (+10% MP) [Xom's mischief]
  2083 | D:2      | 2083 ||| FLEEEEING.
  2144 | D:2      | 2144 ||| DROPPING +0 club.
  2373 | D:2      | 2373 ||| UPGRADING to +4 ring of evasion.
  2374 | D:2      | 2374 ||| READING 2 scrolls labelled ETRUWU FIANWAS.
  2375 | D:2      | 2375 ||| READING 3 scrolls labelled HUESHUFISO.
  2376 | D:2      | 2376 ||| READING scroll labelled GACIEMNE YDIFA.
  2377 | D:2      | 2377 ||| DRINKING 4 inky potions.
  2378 | D:2      | 2378 ||| DROPPING scroll of blinking.
  2379 | D:2      | 2379 ||| DROPPING 2 scrolls of vulnerability.
  2487 | D:3      | 2487 ||| Stepping ~*~*~tactically~*~*~ (stealth).
  2494 | D:3      | 2494 ||| Stepping ~*~*~tactically~*~*~ (stealth).
  2495 | D:3      | 2495 ||| Stepping ~*~*~tactically~*~*~ (stealth).
  2500 | D:3      | 2500 ||| Stepping ~*~*~tactically~*~*~ (stealth).
  2501 | D:3      | 2501 ||| Stepping ~*~*~tactically~*~*~ (stealth).
  2527 | D:3      | 2527 ||| Stepping ~*~*~tactically~*~*~ (stealth).
  2549 | D:3      | 2549 ||| Stepping ~*~*~tactically~*~*~ (stealth).
  2568 | D:3      | 2568 ||| Stepping ~*~*~tactically~*~*~ (stealth).
  2764 | D:3      | 2764 ||| DROPPING +0 whip.
  2798 | D:3      | Reached skill level 6 in Axes
  2798 | D:3      | Reached XP level 5. HP: 37/41 MP: 5/5
  2943 | D:3      | Found an ornate altar of the Wu Jian Council.
  3049 | D:3      | 3049 ||| READING scroll labelled RYESKE ACVIDO.
  3050 | D:3      | 3050 ||| READING scroll labelled VIUNIGHILEX.
  3069 | D:2      | XOM: summons 6 hostile demons
  3070 | D:2      | Noticed a sixfirhy
  3076 | D:2      | HP: 7/42 [shadow imp[Xom] (4)]
  3077 | D:2      | Slain by a sixfirhy

Levels and vault maps discovered:
D:1:      mrwooster_arrival_arrow, layout_rooms,
          dreamdust_ecumenical_altar_drowned_temple, nicolae_eternal_life,
          kennysheep_nondescript
D:2:      layout_loops_corners, kennysheep_flooded_box
D:3:      cheibrodos_fertilizer, layout_loops_corners, nzn_wu_jian_council_hall,
          okawaru_trees_1

Skill      XL: |  1  2  3  4 |
---------------+-------------+-----
Axes           | 4 5 6 |  6.1
Fighting       | |  3.7
Armour         | |  2.4
Dodging        | |  1.1

Action                   |  1- 3 |  4- 6 || total
-------------------------+-------+-------++-------
Melee: Hand axe          |   123 |    42 ||   165
       Punch             |     3 |     1 ||     4
Throw: Boomerang         |    13 |    26 ||    39
Invok: Renounce Religion |     1 |       ||     1
  Use: Scroll            |     1 |     5 ||     6
       Potion            |       |     1 ||     1
Armor: Leather armour    |    14 |       ||    14
       Ring mail         |    19 |     7 ||    26
Dodge: Dodged            |    47 |    29 ||    76

Table legend:
 A = Non-vault XP
 B = Vault XP
 C = Vault XP percentage of total XP
 D = Non-vault monster count
 E = Vault monster count
 F = Vault count percentage of total count
                 A         B        C        D         E       F
            +---------+---------+-------+---------+---------+-------
      Total |     110 |      70 |  38.9 |      52 |      18 |  25.7
            +---------+---------+-------+---------+---------+-------
        D:1 |      38 |       1 |   2.6 |      23 |       1 |   4.2
        D:2 |      53 |       0 |   0.0 |      19 |       0 |   0.0
        D:3 |      19 |      69 |  78.4 |      10 |      17 |  63.0
            +---------+---------+-------+---------+---------+-------
